 Dungeon Crawl Stone Soup version 0.23.0 (webtiles) character file.

Game seed: 16544501035681637572

42 Tarias the Poker (level 3, 0/24 HPs)
             Began as a Merfolk Skald on Feb 10, 2019.
             Was an Initiate of Hepliaklqana.
             Slain by a hound (3 damage)
             ... in the Ecumenical Temple.
             The game lasted 00:02:42 (1715 turns).

Tarias the Poker (Merfolk Skald)                    Turns: 1715, Time: 00:02:43

Health: 0/24       AC:  3    Str: 11    XL:     3   Next: 54%
Magic:  1/6        EV: 12    Int: 13    God:    Hepliaklqana [......]
Gold:   63         SH:  0    Dex: 13    Spells: 1/7 levels left

rFire    . . .     SeeInvis .   a - +0 spear
rCold    . . .     Gourm    .   (no shield)
rNeg     . . .     Faith    .   b - +0 leather armour
rPois    .         Spirit   .   (no helmet)
rElec    .         Reflect  .   (no cloak)
rCorr    .         Harm     .   (no gloves)
MR       .....                  (no boots)
Stlth    +.........             (no amulet)
HPRegen  0.08/turn              (no ring)
MPRegen  0.10/turn              (no ring)

@: infused (expiring)
A: change form in water, swift swim, stealthy swim, reduced essence
a: Recall Ancestor, Ancestor Identity, Renounce Religion


You were in the Ecumenical Temple.
You worshipped Hepliaklqana.
Hepliaklqana was noncommittal.
You were not hungry.

You visited 2 branches of the dungeon, and saw 4 of its levels.

You collected 63 gold pieces.

Inventory:

Hand Weapons
 a - a +0 spear (weapon)
Armour
 b - a +0 leather armour (worn)
 n - a cursed +0 robe
Jewellery
 k - an uncursed ring of resist corrosion {unknown}
Scrolls
 c - a scroll of enchant armour {unknown}
 f - 2 scrolls of remove curse {unknown}
 g - 3 scrolls of identify {unknown}
Potions
 e - a potion of cancellation {unknown}
 h - a potion of resistance {unknown}
 i - 3 potions of flight {unknown}
 j - a potion of brilliance {unknown}
 l - a potion of curing {unknown}
 m - a potion of agility {unknown}
Comestibles
 d - 5 rations
 o - 3 chunks of flesh


   Skills:
 - Level 2.1 Fighting
 + Level 4.0 Polearms
 - Level 0.6 Armour
 - Level 2.6 Dodging
 + Level 2.6 Spellcasting
 + Level 3.8 Charms


You had one spell level left.
You knew the following spells:

 Your Spells              Type           Power        Failure   Level  Hunger
a - Infusion              Chrm           ##..         6%          1    #......
b - Shroud of Golubria    Chrm/Tloc      #.........   22%         2    ###....
c - Spectral Weapon       Hex/Chrm       #.......     38%         3    ###....

Your spell library contained the following spells:

 Spells                   Type           Power        Failure   Level  Hunger
 Song of Slaying          Chrm           ##......     10%         2    ###....
 Regeneration             Chrm/Necr      #.........   38%         3    ###....


Dungeon Overview and Level Annotations

Branches:
Dungeon (4/15)             Temple (1/1) D:4

Altars:
Hepliaklqana
Nemelex Xobeh


Message History

Your shroud unravels.
Your magical infusion is running out.
The hound barely misses you. The hound bites you.
* * * LOW HITPOINT WARNING * * *
The hound misses you.
Cuahtemoc misses the hound.
You hit the hound.
The hound is almost dead.
The hound completely misses you.
Cuahtemoc closely misses the hound.
You closely miss the hound.
The hound is almost dead.
The hound bites you.
* * * LOW HITPOINT WARNING * * *
The hound bites you but does no damage.
Cuahtemoc hits the hound but does no damage.
There is a fountain of clear blue water here.
You miss the hound.
The hound is almost dead.
The hound bites you.
You die...

. .. ...##
#####
.....##.@.###
..≈≈....h..8#
≈≈≈≈≈...R...##
≈≈≈≈..._.<...#
≈≈≈≈........⌠#
≈≈≈≈....._...#
≈≈≈≈≈.......##
≈≈≈≈≈.......#
≈≈≈≈≈≈≈...###


You could see the friendly Cuahtemoc the ancestor and a hound.

Vanquished Creatures
  A gnoll (D:1)
  A dart slug (D:1)
  2 bats (D:1)
  2 giant cockroaches
  6 goblins (D:1)
  4 hobgoblins
  2 jackals (D:1)
  A frilled lizard (D:1)
  9 rats (D:1)
28 creatures vanquished.

Notes
Turn   | Place    | Note
-------+----------+-------------------------------------------
     0 | D:1      | Tarias the Merfolk Skald began the quest for the Orb.
     0 | D:1      | Reached XP level 1. HP: 16/16 MP: 3/3
   270 | D:1      | Reached XP level 2. HP: 12/22 MP: 5/5
   914 | D:1      | Reached XP level 3. HP: 23/27 MP: 1/6
   964 | D:1      | Learned a level 2 spell: Shroud of Golubria
   968 | D:1      | Learned a level 3 spell: Spectral Weapon
  1366 | D:1      | Reached skill level 4 in Polearms
  1683 | D:2      | You fall through a shaft for 2 floors!
  1683 | D:4      | Found a staircase to the Ecumenical Temple.
  1692 | Temple   | Entered the Ecumenical Temple
  1709 | Temple   | Became a worshipper of Hepliaklqana the Forgotten
  1715 | Temple   | Slain by a hound

Skill      XL: |  1  2  3 |
---------------+----------+-----
Polearms       | 4 |  4.0
Fighting       | |  2.1
Armour         | |  0.6
Dodging        | |  2.6
Spellcasting   | |  2.6
Charms         | |  3.8

Action                   || total
-------------------------++-------
Melee: Spear             ||   136
 Cast: Infusion          ||     2
       Shroud of Golubri ||     2
 Stab: Sleeping          ||     2
  Eat: Chunk             ||     3
Armor: Leather armour    ||    25
Dodge: Dodged            ||    63
